 Dungeon Crawl Stone Soup version 0.19.1-1-g22dce08 (webtiles) character file.

245246 Mungo the Ninja (level 19, -12/94 HPs)
             Began as a Spriggan Assassin on Jan 11, 2017.
             Was the Champion of Okawaru.
             Killed from afar by Nikola (24 damage)
             ... with a chain lightning
             ... on level 1 of the Elven Halls on Jan 12, 2017.
             The game lasted 07:42:34 (61385 turns).

Mungo the Ninja (Spriggan Assassin)                Turns: 61385, Time: 07:42:34

Health: -12/94     AC:  7    Str: 18    XL:     19   Next: 17%
Magic:  26/26      EV: 45    Int: 22    God:    Okawaru [******]
Gold:   2620       SH: 12    Dex: 34    Spells: 7 memorised, 3 levels left

rFire  . . .     SeeInvis +     r - +1 rapier "Pomm" {venom, Str+2 Dex+2}
rCold  . . .     Gourm    .     R - +0 troll leather armour
rNeg   + . .     Faith    +     K - +2 buckler {rN+}
rPois  .         Spirit   .     Q - +0 hat "Zilluebyle" {-Cast Str+3 Int+3 Dex+3}
rElec  .         Reflect  .     g - +2 cloak {+Inv}
rCorr  .         Harm     .     (gloves unavailable)
MR     ++++.     NoCast   +     (boots unavailable)
Stlth  +++++++++.               l - amulet of faith
                                D - ring of Woisaroi {MR+ Str+4 Int+2 Dex+6}
                                k - ring of Shaolin {EV+8}

@: very quick
A: unfitting armour, beak, rugged brown scales 1, see invisible, clever 1,
deformed body, herbivore 3, speed 3, low mp 1, slow metabolism 2, strong 1
a: Heroism, Finesse, Renounce Religion, Evoke Invisibility
}: 1/15 runes: gossamer


You were on level 1 of the Elven Halls.
You worshipped Okawaru.
Okawaru was exalted by your worship.
You were not hungry.

You visited 10 branches of the dungeon, and saw 34 of its levels.
You visited the Abyss 1 time.
You also visited: Labyrinth and Ice Cave.

You collected 3954 gold pieces.
You spent 1334 gold pieces at shops.

Inventory:

Hand Weapons
 a - a +3 dagger of holy wrath
 b - the +8 falchion "Eriamp" {slice, +Fly rElec rF+ Stlth-}
   (Okawaru gifted it to you on level 8 of the Dungeon)

   It inflicts extra damage upon your enemies.
   It protects you from fire.
   It insulates you from electricity.
   It lets you fly.
   It makes you less stealthy.
 c - a +0 blowgun
 r - the +1 rapier "Pomm" (weapon) {venom, Str+2 Dex+2}
   (Okawaru gifted it to you on level 2 of the Vaults)

   It poisons the flesh of those it strikes.
   It affects your strength (+2).
   It affects your dexterity (+2).
Missiles
 s - 6 needles of sleeping
 u - 34 stones (quivered)
 I - 24 sling bullets
 X - 24 poisoned needles
Armour
 g - a +2 cloak of invisibility (worn)
 J - +0 mottled dragon scales
 K - a +2 buckler of positive energy (worn)
 Q - the +0 hat "Zilluebyle" (worn) {-Cast Str+3 Int+3 Dex+3}
   (You found it on level 2 of the Orcish Mines)

   It affects your strength (+3).
   It affects your intelligence (+3).
   It affects your dexterity (+3).
   It prevents spellcasting.
 R - a +0 troll leather armour (worn)
Jewellery
 k - the ring of Shaolin (left hand) {EV+8}
   (You bought it in a shop on level 5 of the Dungeon)

   [ring of evasion]

   It affects your evasion (+8).
 l - an amulet of faith (around neck)
 B - an uncursed ring of flight
 D - the ring of Woisaroi (right hand) {MR+ Str+4 Int+2 Dex+6}
   (You found it in a labyrinth)

   [ring of dexterity]

   It affects your strength (+4).
   It affects your intelligence (+2).
   It affects your dexterity (+6).
   It affects your resistance to hostile enchantments.
 L - the ring of Midsummer {Ice rElec}
   (You found it in an ice cave)

   [ring of ice]

   It enhances your ice magic.
   It makes you vulnerable to fire.
   It protects you from cold.
   It insulates you from electricity.
Wands
 e - a wand of disintegration (0/24)
 w - a wand of disintegration (0/24)
 y - a wand of disintegration (6/24)
Scrolls
 h - 2 scrolls of holy word
 i - a scroll of amnesia
 m - a scroll of blinking
 n - a scroll of enchant weapon
 o - 2 scrolls of torment
 p - 15 scrolls of teleportation
 z - a scroll of remove curse
 F - a scroll of identify
 U - a scroll of immolation
 Z - a scroll of fear
Potions
 d - 3 potions of cancellation
 f - 2 potions of flight
 j - 2 potions of haste
 q - 3 potions of resistance
 t - 5 potions of curing
 x - 3 potions of ambrosia
 C - a potion of invisibility
 M - 4 potions of agility
Books
 E - a book of Flames

   Spells                             Type                      Level
   a - Flame Tongue                   Conjuration/Fire             1
   b - Throw Flame                    Conjuration/Fire             2
   c - Conjure Flame                  Conjuration/Fire             3
   d - Inner Flame                    Hexes/Fire                   3
   e - Sticky Flame                   Conjuration/Fire             4
   f - Fireball                       Conjuration/Fire             5
Miscellaneous
 H - a lamp of fire
Comestibles
 G - 33 fruits
 S - 11 bread rations


   Skills:
 - Level 7.0 Fighting
 + Level 15.5 Short Blades
   Level 14.6(16.4) Slings
 - Level 11.2(13.5) Throwing
 - Level 6.0 Armour
 - Level 15.1 Dodging
 O Level 27 Stealth
 - Level 6.0 Shields
 - Level 13.0 Evocations


You had 3 spell levels left.
You knew the following spells:

 Your Spells              Type           Power        Failure   Level  Hunger
a - Corona                Hex            #......      21%         1    ##.....
b - Corpse Rot            Necr           N/A          34%         2    ###....
c - Blink                 Tloc           N/A          34%         2    ###....
d - Repel Missiles        Chrm/Air       #.....       34%         2    ###....
e - Conjure Flame         Conj/Fire      #.......     67%         3    ####...
f - Mephitic Cloud        Conj/Pois/Air  #.......     67%         3    ####...
g - Ensorcelled Hibernat  Hex/Ice        #.....       34%         2    ###....


Dungeon Overview and Level Annotations

Branches:
Dungeon (14/15)            Temple (1/1) D:7            Lair (6/6) D:8
 Shoals (1/4) Lair:4       Spider (4/4) Lair:4        Slime (1/5) Lair:5
    Orc (2/2) D:10            Elf (1/3) Orc:2        Vaults (3/5) D:13
  Crypt (1/3) Vaults:3

Altars:
Ashenzari
Cheibriados
Dithmenos
Elyvilon
Fedhas
Gozag
Hepliaklqana
Kikubaaqudgha
Makhleb
Nemelex Xobeh
Okawaru
Qazlal
Ru
Sif Muna
Trog
Uskayaw
Vehumet
Xom
Yredelemnul
Zin
The Shining One
Beogh
Jiyva

Shops:
D:5 =   D:7 !   Orc:1 *   Orc:2 ([[!   Elf:1 [   Vaults:3 *?[[

Annotations:
Elf:1 Nikola


Innate Abilities, Weirdness & Mutations

You are very small and have problems with some larger weapons.
You are too small for most types of armour.
You have supernaturally acute eyesight. (SInv)
You are a herbivore.
You cover ground extremely quickly.
You need consume almost no food.
You have a beak for a mouth.
You are partially covered in rugged brown scales. (AC +1, +3% HP)
Your mind is acute. (Int +2)
Armour fits poorly on your strangely shaped body.
Your magical capacity is low. (-10% MP)
Your muscles are strong. (Str +2)


Message History

You hit the deep elf mage.
The deep elf mage is poisoned.
You peck the deep elf mage, but do no damage.
The deep elf mage is lightly wounded.
Nikola barely misses you.
You puncture the deep elf mage!
You peck the deep elf mage, but do no damage.
The deep elf mage is moderately wounded.
You block the deep elf mage's attack.
You hit Nikola. You peck Nikola, but do no damage.
Nikola is lightly wounded.
Nikola gestures wildly while chanting.
You hear a mighty clap of thunder!
The lightning arc hits you!
The lightning arc hits the deep elf mage.
The lightning arc hits you! x2
* * * LOW HITPOINT WARNING * * *
The lightning arc hits the deep elf mage.
The deep elf mage dies!
The lightning arc hits you!
You die...

##.######...####...##'##
####.).#...#...#.#...#
#...#...'.#)....#.#
####...##)##)..#.#...# #
#...#.#..)##'##...#### .
#......).))...#.#.# .
#...#.#...#.#.#.)(#
.####'##...####.@.#####
#.....)#...#[..#@#(..#
..#..#.'(..#.#...).#.#
.###..(#####)..#.#...#
.# ##(### ####...##'#
.## #.(.# #.#.# ..# ..#
###.# #..[' ..# #.# #(#
#####. ..#
#.#####.###### .. @#
#...[....#...# ..##


You could see Nikola.

Vanquished Creatures
  Arachne (Spider:4)
  Jorgrun (Vaults:3)
  Rupert (Lair:5)
  Kirke (Lair:6)
  A fire giant (Vaults:3)
  3 ghost moths
  6 emperor scorpions (Spider:4)
  A frost giant (Vaults:3)
  6 vault wardens
  Aizul (Vaults:1)
  2 stone giants (Vaults:2)
  4 ironheart preservers
  2 very ugly things (Vaults:3)
  An entropy weaver (Spider:3)
  3 spark wasps
  A minotaur (Lab)
  A fire dragon (Vaults:3)
  2 great orbs of eyes
  Erolcha (D:9)
  4 yaktaur captains
  9 hydras
  Erica (Lair:1)
  5 vault guards
  2 rakshasas
  A hydra (shapeshifter) (Vaults:1)
  2 catoblepae
  6 centaur warriors
  2 death knights (D:12)
  4 dancing weapons (Elf:1)
  8 ogre magi
  3 death yaks (Lair:6)
  7 orc high priests (Orc:2)
  4 deep elf knights
  Nergalle (D:12)
  Sonja (Lair:3)
  7 skeletal warriors
  A shadow wraith (Vaults:2)
  3 unseen horrors
  A sea snake (Shoals:1)
  2 glowing orange brains
  A flayed ghost (Vaults:1)
  2 deep elf archers
  8 wizards
  10 ironbrand convokers
  A necromancer (IceCv)
  2 lindwurms
  9 hill giants
  31 deep elf magi
  14 orc knights
  17 orb spiders
  33 ugly things
  A faun (shapeshifter) (Vaults:3)
  5 cyclopes
  39 wolf spiders
  2 manticores
  A moth of wrath (Spider:4)
  A siren (Shoals:1)
  6 elephants
  Maurice (D:9)
  9 vault sentinels
  An ice statue (IceCv)
  7 black mambas
  A gargoyle (D:12)
  4 torpor snails
  10 spiny frogs
  7 komodo dragons
  2 efreet
  27 yaktaurs
  2 rime drakes (shapeshifter) (Vaults:2)
  9 demonic crawlers
  2 ice devils (Lair:4)
  3 rime drakes
  15 freezing wraiths
  The ghost of HopefulHyena the Skirmisher, an amateur MiBe of Trog (D:5)
  2 two-headed ogres (shapeshifter)
  29 jumping spiders
  5 hornets
  2 polar bears
  7 trolls
  41 slime creatures
  8 blink frogs
  A wolf spider simulacrum (Abyss:4)
  15 two-headed ogres
  A meliai zombie (D:13)
  7 dream sheep
  A raiju (Abyss:4)
  14 hippogriffs
  5 centaur simulacra
  108 redbacks
  A tarantella (shapeshifter) (Vaults:2)
  A shadow (D:13)
  27 tarantellas
  3 wraiths
  2 vampires (D:12)
  41 yaks
  A basilisk (Lair:6)
  3 wyverns
  4 hogs (Lair:6)
  A yak (shapeshifter) (Vaults:3)
  A yaktaur simulacrum (Vaults:3)
  A death yak simulacrum (IceCv)
  A steam dragon (D:9)
  4 vampire mosquitoes
  12 wargs
  2 mottled dragons
  5 swamp worms (Lair:3)
  9 porcupines
  10 water moccasins
  A swamp drake (Orc:2)
  25 orc warriors
  3 black bears
  An eye of draining (D:10)
  3 phantoms
  3 small abominations (Abyss:4)
  9 ice beasts
  38 ogres
  A sky beast (D:9)
  A wolf (Lair:6)
  2 boggarts (Vaults:2)
  A necrophage (D:9)
  13 centaurs
  2 lava snakes (Lab)
  9 crocodiles
  Blork the orc (D:4)
  5 big kobolds
  18 bullfrogs
  A water moccasin skeleton (D:8)
  A wyvern skeleton (D:12)
  4 scorpions
  2 killer bees (D:8)
  8 wights
  2 howler monkeys (D:13)
  3 electric eels
  6 centaur zombies
  6 crimson imps
  3 draconian simulacra (IceCv)
  2 bullfrog zombies
  4 jellies
  4 bullfrog skeletons
  43 orc priests
  9 hounds
  An iron imp (Orc:2)
  28 orc wizards
  4 centaur skeletons
  6 iguanas
  Natasha (twice) (D:3)
  A polar bear simulacrum (IceCv)
  2 spriggan simulacra (IceCv)
  3 troll simulacra (IceCv)
  14 worker ants
  2 wolf simulacra (IceCv)
  A killer bee zombie (D:9)
  A mummy (D:5)
  A howler monkey zombie (D:5)
  22 gnolls
  3 ogre simulacra (IceCv)
  17 adders
  5 naga simulacra (IceCv)
  6 shadow imps
  13 white imps
  An ufetubus (Abyss:3)
  2 oozes
  3 adder skeletons
  14 worms
  A dart slug (D:5)
  2 leopard geckos
  132 orcs
  5 ball pythons
  6 giant cockroaches
  5 hobgoblins
  13 jackals
  20 kobolds
  5 quokkas
  6 bats
  6 frilled lizards
  A giant cockroach zombie (D:5)
  6 goblins
  A hobgoblin zombie (D:5)
  2 leopard gecko skeletons
  An orc zombie (D:5)
  A quokka skeleton (D:4)
  11 rats
  2 butterflies (Lair:2)
  3 fungi
  A plant (Lair:3)
1388 creatures vanquished.

Vanquished Creatures (collateral kills)
  A fire giant (Vaults:3)
  A vault warden (Vaults:3)
  A spark wasp (Spider:1)
  A wolf spider (Spider:1)
  A yaktaur (Vaults:3)
  A two-headed ogre (Vaults:3)
  An ogre (Vaults:3)
7 creatures vanquished.

Vanquished Creatures (others)
  A yaktaur captain (Vaults:1)
  A deep elf mage (Elf:1)
  2 yaktaurs (Vaults:1)
  A jumping spider (Spider:4)
  2 redbacks (Spider:4)
  A mottled dragon (D:13)
  A killer bee (D:8)
  2 lava snakes (Lab)
  An orc (Orc:2)
  4 fungi
  10 plants
  8 starspawn tentacles
34 creatures vanquished.

Grand Total: 1429 creatures vanquished

Notes
Turn   | Place    | Note
-------+----------+-------------------------------------------
     0 | D:1      | Mungo the Spriggan Assassin began the quest for the Orb.
     0 | D:1      | Reached XP level 1. HP: 10/10 MP: 2/2
    74 | D:1      | Reached skill level 6 in Stealth
   101 | D:1      | Reached XP level 2. HP: 11/14 MP: 3/3
   347 | D:1      | Reached skill level 7 in Stealth
   722 | D:1      | Reached XP level 3. HP: 15/18 MP: 4/4
  1324 | D:2      | Found a sacrificial altar of Ru.
  1474 | D:2      | Reached XP level 4. HP: 22/22 MP: 5/5
  1605 | D:2      | Found a shimmering altar of Xom.
  1662 | D:2      | Reached skill level 8 in Stealth
  2635 | D:3      | Noticed a bullfrog
  2688 | D:3      | Killed a bullfrog
  2688 | D:3      | Reached XP level 5. HP: 20/26 MP: 6/6
  2748 | D:3      | Noticed Natasha
  2865 | D:3      | Killed Natasha
  2865 | D:3      | Reached skill level 5 in Dodging
  2865 | D:3      | Reached skill level 9 in Stealth
  3169 | D:3      | Noticed Natasha
  3233 | D:3      | Killed Natasha
  3651 | D:4      | Reached XP level 6. HP: 14/30 MP: 7/7
  4027 | D:4      | Noticed Blork the orc
  4734 | D:5      | Entered Level 5 of the Dungeon
  4771 | D:4      | Killed Blork the orc
  4867 | D:4      | Reached XP level 7. HP: 35/35 MP: 8/8
  4892 | D:4      | Reached skill level 10 in Stealth
  5645 | D:5      | Found an ancient bone altar of Kikubaaqudgha.
  5869 | D:5      | Reached skill level 11 in Stealth
  6042 | D:5      | Noticed HopefulHyena's ghost (amateur MiBe)
  6105 | D:5      | Found a basalt altar of Yredelemnul.
  6122 | D:5      | Found Otin Lyh's Jewellery Boutique.
  6405 | D:5      | Reached XP level 8. HP: 36/39 MP: 9/9
  7151 | D:5      | Found a white marble altar of Elyvilon.
  7297 | D:5      | Killed HopefulHyena's ghost
  7297 | D:5      | Reached skill level 12 in Stealth
  8401 | D:6      | Reached skill level 13 in Stealth
  8585 | D:6      | Reached skill level 10 in Dodging
  8629 | D:6      | Found a sparkling altar of Nemelex Xobeh.
  8959 | D:6      | Reached skill level 1 in Slings
  9686 | D:7      | Found a blossoming altar of Fedhas.
  9689 | D:7      | Found a glowing silver altar of Zin.
  9885 | D:7      | Found Ezasashra's Distillery.
  9926 | D:7      | Reached XP level 9. HP: 42/42 MP: 10/10
 10148 | D:7      | Found a staircase to the Ecumenical Temple.
 10158 | Temple   | Entered the Ecumenical Temple
 10200 | Temple   | Became a worshipper of Warmaster Okawaru
 10586 | D:8      | Reached skill level 14 in Stealth
 10895 | D:8      | Found a shadowy altar of Dithmenos.
 10979 | D:8      | Reached skill level 5 in Slings
 11075 | D:8      | Found a staircase to the Lair.
 11379 | Lair:1   | Entered Level 1 of the Lair of Beasts
 11379 | Lair:1   | Noticed a spiny frog
 11384 | Lair:1   | Killed a spiny frog
 11384 | Lair:1   | Reached * piety under Okawaru
 11384 | Lair:1   | Reached skill level 15 in Stealth
 11472 | Lair:1   | Reached skill level 16 in Stealth
 11495 | Lair:1   | Noticed Erica
 11499 | Lair:1   | Noticed a black mamba
 11500 | Lair:1   | Killed Erica
 11500 | Lair:1   | Reached ** piety under Okawaru
 11500 | Lair:1   | Reached skill level 17 in Stealth
 11500 | Lair:1   | Reached XP level 10. HP: 26/46 MP: 11/11
 11580 | Lair:1   | Noticed a black mamba
 11592 | Lair:1   | HP: 3/69 [poisoned by a black mamba]
 11602 | Lair:1   | Killed a black mamba
 11674 | Lair:1   | Found a labyrinth entrance.
 11683 | Lab      | Entered a labyrinth
 11993 | Lab      | Noticed a minotaur
 12015 | Lab      | Killed a minotaur
 12015 | Lab      | Reached *** piety under Okawaru
 12015 | Lab      | Reached skill level 18 in Stealth
 12026 | Lab      | Identified the Volume of Necromancy
 12027 | Lab      | Got a shimmering bronze ring
 12282 | Lair:1   | Noticed a lindwurm
 12374 | Lair:1   | Killed a black mamba
 12601 | Lair:1   | Reached skill level 19 in Stealth
 13292 | Lair:1   | Noticed a spiny frog
 13501 | Lair:1   | Killed a spiny frog
 13729 | D:8      | Reached **** piety under Okawaru
 14126 | D:8      | Reached skill level 20 in Stealth
 14997 | D:8      | Found a burning altar of Makhleb.
 14997 | D:8      | Noticed a blizzard demon
 15000 | D:8      | Noticed an orange demon
 15446 | D:9      | Reached XP level 11. HP: 20/50 MP: 12/12
 15483 | D:9      | Identified the ring of Woisaroi {MR+ Str+4 Int+2 Dex+6} (You found it in a labyrinth)
 15921 | D:9      | Found a hazy altar of Hepliaklqana.
 16221 | D:9      | Noticed Maurice
 16227 | D:9      | Noticed Erolcha
 16239 | D:10     | Entered Level 10 of the Dungeon
 16416 | D:10     | Reached ***** piety under Okawaru
 16827 | D:10     | Learned a level 1 spell: Corona
 17058 | D:10     | Found a glowing golden altar of the Shining One.
 17060 | D:10     | Reached skill level 5 in Short Blades
 17308 | D:10     | Received a gift from Okawaru
 17311 | D:10     | Got an ancient robe {god gift}
 17344 | D:10     | Identified the +1 robe of Kindness {rElec rF+++ Dex-3} (Okawaru gifted it to you on level 10 of the Dungeon)
 17387 | D:10     | Reached skill level 21 in Stealth
 17424 | D:10     | Found a staircase to the Orcish Mines.
 17484 | D:10     | Noticed a hill giant
 18146 | D:10     | Killed a hill giant
 18928 | D:11     | Noticed a hill giant
 18935 | D:11     | Killed a hill giant
 18990 | D:11     | Gained mutation: You have a beak for a mouth. [potion of mutation]
 18990 | D:11     | Gained mutation: You have a pair of small horns on your head. [potion of mutation]
 18990 | D:11     | Lost mutation: You have a pair of small horns on your head. [potion of mutation]
 18991 | D:11     | Gained mutation: You are partially covered in rugged brown scales. (AC +1, +3% HP) [potion of mutation]
 18991 | D:11     | Gained mutation: Your mind is acute. (Int +2) [potion of mutation]
 19076 | D:12     | Noticed a white ugly thing
 19079 | D:12     | Killed a white ugly thing
 19126 | D:12     | Noticed a skeletal warrior
 19553 | D:12     | Noticed a skeletal warrior
 19664 | D:12     | Noticed a death knight
 20126 | D:11     | Reached skill level 5 in Throwing
 20434 | D:11     | Noticed a brown ugly thing
 20440 | D:11     | Killed a brown ugly thing
 20440 | D:11     | Received a gift from Okawaru
 20651 | D:11     | Noticed a hill giant
 20676 | D:11     | Killed a hill giant
 20676 | D:11     | Reached XP level 12. HP: 57/57 MP: 13/13
 20921 | D:12     | Noticed a death knight
 21158 | D:9      | Killed Erolcha
 21398 | D:8      | Noticed a three-headed hydra
 21452 | D:8      | Killed a three-headed hydra
 21452 | D:8      | Reached skill level 22 in Stealth
 22122 | Temple   | Learned a level 2 spell: Corpse Rot
 22218 | D:8      | Received a gift from Okawaru
 22219 | D:8      | Got an ivory falchion {god gift}
 22220 | D:8      | Identified the +8 falchion "Eriamp" {slice, +Fly rElec rF+ Stlth-} (Okawaru gifted it to you on level 8 of the Dungeon)
 22341 | D:9      | Found a hide-covered altar of Uskayaw.
 22342 | D:9      | Found a deep blue altar of Sif Muna.
 22437 | D:9      | Killed Maurice
 23091 | D:12     | Killed a death knight
 23698 | D:13     | Noticed a centaur warrior
 23743 | D:13     | Found a gate to the Vaults.
 23747 | D:13     | Reached ****** piety under Okawaru
 23747 | D:13     | Received a gift from Okawaru
 24401 | D:12     | Noticed Nergalle
 24418 | D:12     | Killed Nergalle
 24448 | D:12     | Received a gift from Okawaru
 24811 | D:12     | Reached XP level 13. HP: 52/62 MP: 14/14
 25369 | D:13     | Received a gift from Okawaru
 25620 | D:13     | Reached skill level 10 in Slings
 25851 | D:14     | Received a gift from Okawaru
 26247 | D:13     | Received a gift from Okawaru
 26771 | D:13     | Reached skill level 23 in Stealth
 27657 | Lair:1   | Reached skill level 10 in Throwing
 28688 | Lair:3   | Received a gift from Okawaru
 29133 | Lair:3   | Reached XP level 14. HP: 67/67 MP: 15/15
 29300 | Lair:3   | Noticed Sonja
 29308 | Lair:3   | Killed Sonja
 29606 | Lair:3   | Received a gift from Okawaru
 30577 | Lair:4   | Found a shimmering altar of Xom.
 30641 | Lair:4   | Found a frozen archway.
 30659 | IceCv    | Entered an ice cave
 30677 | IceCv    | Received a gift from Okawaru
 31021 | IceCv    | Found an ancient bone altar of Kikubaaqudgha.
 31482 | IceCv    | Got a pitted golden ring
 31489 | IceCv    | Identified the Grimoire of Snow
 31492 | IceCv    | Identified the ring of Midsummer {Ice rElec} (You found it in an ice cave)
 31683 | Lair:4   | Found a staircase to the Shoals.
 31854 | Lair:4   | Found a hole to the Spider Nest.
 32583 | Lair:5   | Noticed Rupert
 32756 | Lair:5   | Killed Rupert
 32906 | Lair:5   | Found a viscous altar of Jiyva.
 32906 | Lair:5   | Found a staircase to the Slime Pits.
 33291 | Lair:5   | Received a gift from Okawaru
 33517 | Lair:6   | Entered Level 6 of the Lair of Beasts
 33698 | Lair:6   | Reached skill level 24 in Stealth
 33861 | Lair:6   | Received a gift from Okawaru
 33950 | Lair:6   | Noticed Kirke
 34332 | Lair:6   | Killed Kirke
 34812 | Lair:6   | Received a gift from Okawaru
 34812 | Lair:6   | Reached skill level 15 in Dodging
 35053 | Lair:6   | Reached XP level 15. HP: 72/72 MP: 16/16
 35055 | Lair:6   | Received a gift from Okawaru
 35076 | Lair:6   | Reached skill level 1 in Shields
 35916 | Orc:1    | Entered Level 1 of the Orcish Mines
 36074 | Orc:1    | Reached skill level 1 in Evocations
 36174 | Orc:2    | Entered Level 2 of the Orcish Mines
 36786 | Orc:2    | Found a staircase to the Elven Halls.
 37268 | Orc:2    | Found Touwat's Distillery.
 37371 | Orc:2    | Found Dituanamp's Antique Armour Boutique.
 37513 | Orc:1    | Found Conoseh's Assorted Antiques.
 37984 | Orc:1    | Got a scintillating ivory ring
 37986 | Orc:1    | Identified the ring of Kunnuw {rF+ Str+3 Stlth-} (You took it off a deep elf mage on level 1 of the Orcish Mines)
 38293 | Orc:2    | Found a roughly hewn altar of Beogh.
 38365 | Orc:2    | Received a gift from Okawaru
 38365 | Orc:2    | Reached skill level 25 in Stealth
 38464 | Orc:2    | Found Wofer's Weapon Boutique.
 38464 | Orc:2    | Found Egioqoff's Antique Armour Emporium.
 38497 | Orc:2    | Bought 2 needles of sleeping for 14 gold pieces
 38675 | Orc:2    | Learned a level 2 spell: Blink
 38678 | Orc:2    | Learned a level 2 spell: Repel Missiles
 38682 | Orc:2    | Learned a level 3 spell: Conjure Flame
 38686 | Orc:2    | Learned a level 3 spell: Mephitic Cloud
 38696 | Orc:2    | Got a shimmering hat
 38707 | Orc:2    | Identified the cursed +0 hat "Zilluebyle" {-Cast Str+3 Int+3 Dex+3} (You found it on level 2 of the Orcish Mines)
 39204 | Lair:4   | You fall through a shaft!
 39230 | Spider:1 | Entered Level 1 of the Spider Nest
 39258 | Spider:1 | Received a gift from Okawaru
 39383 | Spider:1 | Reached skill level 1 in Armour
 39521 | Spider:1 | Received a gift from Okawaru
 40930 | Spider:1 | Noticed a ghost moth
 40944 | Spider:1 | Killed a ghost moth
 41099 | Spider:2 | Reached XP level 16. HP: 77/77 MP: 20/20
 41629 | Elf:1    | Entered Level 1 of the Elven Halls
 41972 | Shoals:1 | Entered Level 1 of the Shoals
 41975 | Shoals:1 | Reached skill level 5 in Fighting
 42569 | D:5      | Bought the ring of Shaolin {EV+8} for 1280 gold pieces
 42636 | Temple   | Cast into level 3 of the Abyss (a distortion unwield)
 42644 | Abyss:3  | Gained mutation: Armour fits poorly on your strangely shaped body. [mutagenic glow]
 42698 | Abyss:3  | Gained mutation: Your magical capacity is low. (-10% MP) [mutagenic glow]
 42747 | Abyss:3  | Noticed a bone dragon
 42793 | Abyss:3  | Noticed a tentacled starspawn
 42823 | Abyss:3  | Noticed a tentacled starspawn
 42827 | Abyss:4  | Noticed a tentacled starspawn
 42827 | Abyss:4  | Gained mutation: Your muscles are strong. (Str +2) [mutagenic glow]
 42894 | Abyss:4  | Received a gift from Okawaru
 42943 | Abyss:4  | Noticed a tentacled starspawn
 43042 | Abyss:4  | Noticed a tentacled starspawn
 43058 | Temple   | Escaped the Abyss
 43078 | Temple   | Identified a scroll of acquirement
 43543 | Spider:2 | Received a gift from Okawaru
 43543 | Spider:2 | Reached skill level 26 in Stealth
 45012 | Spider:2 | Received a gift from Okawaru
 45216 | Spider:3 | Learned a level 2 spell: Ensorcelled Hibernation
 45952 | Spider:4 | Entered Level 4 of the Spider Nest
 46092 | Spider:4 | Reached skill level 27 in Stealth
 46178 | Spider:3 | Received a gift from Okawaru
 46179 | Spider:3 | Got distressingly furry quicksilver dragon scales {god gift}
 46190 | Spider:3 | Identified the quicksilver dragon scales "Ogess" {MR+ Int+7 Dex-3} (Okawaru gifted it to you on level 3 of the Spider Nest)
 47172 | Spider:4 | Noticed Arachne
 47202 | Spider:4 | Killed Arachne
 47202 | Spider:4 | Reached skill level 5 in Armour
 47540 | Spider:4 | Reached skill level 5 in Shields
 47619 | Spider:4 | Reached XP level 17. HP: 71/86 MP: 19/19
 48121 | Spider:4 | Received a gift from Okawaru
 48122 | Spider:4 | Got an ichor-stained robe {god gift}
 48133 | Spider:4 | Identified the +2 robe of Tenacity {rC+ MR- Dex+3 SInv} (Okawaru gifted it to you on level 4 of the Spider Nest)
 48221 | Spider:4 | Got a gossamer rune of Zot
 49746 | Vaults:1 | Entered Level 1 of the Vaults
 50102 | Vaults:1 | Reached skill level 10 in Short Blades
 50930 | Vaults:1 | Received a gift from Okawaru
 51458 | Vaults:1 | Noticed Aizul
 51491 | Vaults:1 | Killed Aizul
 51491 | Vaults:1 | Reached skill level 5 in Evocations
 52570 | Vaults:1 | Received a gift from Okawaru
 52570 | Vaults:1 | Reached skill level 10 in Evocations
 52596 | Vaults:1 | Reached XP level 18. HP: 78/90 MP: 24/24
 53618 | Vaults:2 | Received a gift from Okawaru
 53628 | Vaults:2 | Got a translucent rapier {god gift}
 53643 | Vaults:2 | Identified the +1 rapier "Pomm" {venom, Str+2 Dex+2} (Okawaru gifted it to you on level 2 of the Vaults)
 55017 | Vaults:2 | Received a gift from Okawaru
 55815 | Vaults:3 | HP: 4/90 [vault warden/enchanted glaive (24)]
 55822 | Vaults:3 | Found Woocouq's Magic Scroll Emporium.
 55833 | Vaults:3 | Found Reanuqea's Antique Armour Boutique.
 56545 | Vaults:3 | Noticed Jorgrun
 56745 | Vaults:3 | Found Unyfuace's Armour Shop.
 56781 | Vaults:3 | Noticed a bone dragon
 57078 | Vaults:3 | Found Aphoshrakku's Assorted Antiques.
 57085 | Vaults:3 | Bought a scroll labeled XOSTUWA GAEFU for 40 gold pieces
 57567 | Vaults:3 | Killed Jorgrun
 57826 | Vaults:3 | Found a staircase to the Crypt.
 58281 | Vaults:2 | Received a gift from Okawaru
 58764 | D:12     | Received a gift from Okawaru
 59570 | Crypt:1  | Entered Level 1 of the Crypt
 59877 | Vaults:3 | Reached XP level 19. HP: 77/94 MP: 26/26
 60294 | Slime:1  | Entered Level 1 of the Pits of Slime
 60746 | Elf:1    | Reached skill level 15 in Short Blades
 60795 | Elf:1    | Found Enluel's Antique Armour Boutique.
 61157 | Elf:1    | Received a gift from Okawaru
 61352 | Elf:1    | Noticed Nikola
 61385 | Elf:1    | Killed from afar by Nikola

Skill      XL: |  1  2  3  4  5  6  7  8  9 10 11 12 13 14 15 16 17 18 19 |
---------------+----------------------------------------------------------+-----
Stealth        | 6 7 8 9 11 13 17 20 21 22 23 24 25 27 | 27.0
Dodging        | 2 3 4 5 6 8 10 11 12 15 | 15.1
Fighting       | 2 3 4 7 |  7.0
Short Blades   | 3 4 6 7 12 14 15 | 15.5
Slings         | 3 5 7 9 11 13 14 | 14.6
Throwing       | 5 7 10 11 | 11.2
Shields        | 4 5 6 |  6.0
Evocations     | 4 10 13 | 13.0
Armour         | 4 5 6 |  6.0

Action                   |  1- 3 |  4- 6 |  7- 9 | 10-12 | 13-15 | 16-18 | 19-21 || total
-------------------------+-------+-------+-------+-------+-------+-------+-------++-------
Melee: Dagger            |    77 |   190 |   328 |   543 |   207 |   193 |       ||  1538
       Peck              |       |       |       |    84 |   266 |   896 |    65 ||  1311
       Falchion          |       |       |       |    36 |   516 |  1094 |    28 ||  1674
       Rapier            |       |       |       |     6 |       |   472 |   137 ||   615
       Scimitar          |       |       |       |       |     9 |       |       ||     9
 Fire: Blowgun           |    29 |    83 |    58 |    52 |    96 |   127 |     8 ||   453
       Hunting sling     |       |       |   386 |   662 |       |  1122 |       ||  2170
       Fustibalus        |       |       |       |   257 |  1616 |   205 |       ||  2078
Throw: Stone             |       |       |    26 |    24 |       |    29 |       ||    79
       Throwing net      |       |       |       |     2 |       |       |       ||     2
       Tomahawk          |       |       |       |       |       |    10 |       ||    10
 Cast: Corona            |       |       |       |     6 |     1 |       |       ||     7
       Corpse Rot        |       |       |       |       |     1 |       |       ||     1
       Repel Missiles    |       |       |       |       |     1 |     1 |       ||     2
Invok: Heroism           |       |       |       |     4 |       |     2 |       ||     6
       Finesse           |       |       |       |       |       |     4 |       ||     4
 Abil: Evoke Flight      |       |       |     2 |     2 |     3 |     2 |       ||     9
       Evoke Invisibilit |       |       |       |     2 |     5 |    10 |       ||    17
Evoke: Wand              |       |    12 |     3 |    23 |    18 |    19 |       ||    75
       Lamp of fire      |       |       |       |       |       |     4 |       ||     4
       Sack of spiders   |       |       |       |       |       |     1 |       ||     1
  Use: Scroll            |       |     7 |     5 |    13 |     7 |     9 |       ||    41
       Potion            |       |       |       |    11 |     3 |    10 |       ||    24
 Stab: Sleeping          |    15 |    10 |    20 |    35 |    70 |    56 |    13 ||   219
       Distracted        |     1 |       |       |     3 |     6 |    16 |     1 ||    27
       Paralysed         |       |     2 |     1 |       |       |       |       ||     3
       Held in net/web   |       |       |       |     3 |       |     1 |       ||     4
       Invisible         |       |       |       |     5 |    19 |    56 |       ||    80
       Confused          |       |       |       |       |     9 |       |       ||     9
  Eat: Bread ration      |       |     1 |       |     1 |     1 |     2 |       ||     5
       Pizza             |       |       |     1 |     3 |     6 |     4 |       ||    14
       Royal jelly       |       |       |       |     2 |     1 |       |       ||     3
       Fruit             |       |       |       |       |       |     8 |       ||     8
Armor: Robe              |     9 |    16 |    30 |    22 |       |       |       ||    77
       Skin              |       |       |       |     8 |       |       |       ||     8
       Troll leather arm |       |       |       |    15 |    68 |    56 |     2 ||   141
Dodge: Dodged            |    37 |   135 |   380 |   708 |  1093 |  1899 |    70 ||  4322
       Deflected         |       |       |       |       |       |     2 |       ||     2
Block: Buckler           |       |       |       |       |   234 |   964 |    60 ||  1258
       Rpst.: Falchion   |       |       |       |    10 |   154 |   287 |     6 ||   457
       Scimitar          |       |       |       |       |     7 |       |       ||     7
